 Dungeon Crawl Stone Soup version 0.31-a0-277-g31ea1f65cc (webtiles) character file.

Game seed: 6942889617562675236

265 Zonian the Ducker (level 5, 25/25 HPs)
             Began as a Felid Shapeshifter on July 15, 2023.
             Was an Initiate of Ashenzari.
             Quit the game on level 3 of the Dungeon.
             The game lasted 00:11:00 (5864 turns).

Zonian the Ducker (Felid Shapeshifter)              Turns: 5864, Time: 00:11:00

Health: 25/25      AC:  1    Str: 13    XL:     5   Next: 99%
Magic:  6/6        EV: 19    Int:  9    God:    Ashenzari [......]
Gold:   247        SH:  0    Dex: 17    Spells: 4/4 levels left
                                        Lives:  0   Deaths: 1

rFire   . .          .
                       - Unarmed
rCold   . . .        (shield unavailable)
rNeg    . . .        (body armour unavailable)
rPois   +            (helmet unavailable)
rElec   .            (cloak unavailable)
rCorr   .            (gloves unavailable)
SInv    +            (boots unavailable)
Will    +....        (no amulet)
Stlth   ++           d - ring of willpower
HPRegen 0.24/turn    e - ring of poison resistance
MPRegen 0.10/turn

%: no passive effects
@: beast-form, quick
A: beast (slay +3), very small, claws 1, fangs 3, see invisible, speed 1, shaggy
fur 1, stealthy paws, no weapons or thrown items, no armour, multi-lived,
inhibited regeneration
a: Begin Untransformation, Renounce Religion, Curse Item


You were on level 3 of the Dungeon.
You worshipped Ashenzari.
Ashenzari was noncommittal.
You were a hulking beast.
You visited 1 branch of the dungeon, and saw 4 of its levels.
You also visited: Sewer.

You collected 247 gold pieces.

Inventory:

Jewellery
 d - a ring of willpower (left paw)
 e - a ring of poison resistance (right paw)
Talismans
 b - a beast talisman
Scrolls
 g - a scroll of immolation
 j - a scroll of teleportation
 k - a scroll of blinking
 l - 2 scrolls of enchant armour
Potions
 a - a potion of lignification
 c - a potion of brilliance
 f - a potion of cancellation
 h - 3 potions of heal wounds
 o - a potion of might


   Skills:
 + Level 3.7 Fighting
 + Level 4.9 Dodging
 + Level 3.6 Unarmed Combat
 + Level 4.4 Shapeshifting


You had 4 spell levels left.
You didn't know any spells.
Your spell library contained the following spells:

 Spells                   Type           Power      Damage    Failure   Level
 Sandblast                Erth           0%         2d4       38%         1
 Passwall                 Tmut/Erth      0%         N/A       52%         2
 Stone Arrow              Conj/Erth      0%         3d7       77%         3


Dungeon Overview and Level Annotations

Branches:
Dungeon (4/15)             Temple (0/1) D:4           Sewer (visited)

Altars:
Ashenzari
Uskayaw
The Shining One


Innate Abilities, Weirdness & Mutations

You are a hulking beast.
Your limbs bulge with bestial killing power. (Slay +3)
You have sharp claws.
You have razor-sharp teeth.
You have supernaturally acute eyesight. (SInv)
You cover ground quickly. (Speed+)
You are covered in fur. (AC +1)
Your paws help you pounce on unaware monsters.
You are incapable of wielding weapons or throwing items.
You cannot wear armour.
You gain extra lives every three experience levels.
You do not regenerate when monsters are visible.


Message History

The adder is severely wounded.
The adder closely misses you.
You scratch the adder.
The adder is almost dead.
The adder completely misses you.
Unknown command.
The adder attacks as you move away! The adder closely misses you.
The adder attacks as you move away! The adder closely misses you.
The adder attacks as you move away! The adder bites you.
The adder attacks as you move away! The adder barely misses you.
Ashenzari invites you to partake of a vision and a curse of companions and introspection.
You claw the adder!
You kill the adder!
Unknown command.
There is a stone staircase leading up here.
You climb upwards.
There is a stone staircase leading down here.
Unknown command.
You start resting.
HP restored.
You start waiting.
Done waiting.
Unknown command.
It was a potion of attraction.
You feel attractive to monsters.
It was a potion of haste.
You feel yourself speed up.
You start waiting.
Your extra speed is starting to run out.
You feel less attractive to monsters.
You start waiting.
You feel yourself slow down.
Unknown command.
Blink to where?
Press: ? - help, Dir - move target
As you read the scroll labelled VONEBL FEARR, it crumbles to dust.
It was a scroll of blinking.
Unknown command.
Okay, then.
Okay, then.
Are you sure you want to abandon this character and quit the game? (Confirm with "yes".)

...............####
......<...........#####
.....#.#..............########
.....#.#..########..#.##.#...##
....##.##..##### ##...##......##
....#..###.....####.##..##.....#
.......#######......##>[##.....#
.##.#.....#########...##.....<.##
..#.##..........h.ยง.#.##.#.......
#...#####....######............#.
..#.### ###.## ###.........##.
.##...# #.# ##.........#.
#####.#####.# #)........#.
#...##..# #...........
#######.....# #...........
.....###.##.## #........... ####.#
#.....# ##.......#..


There were no monsters in sight!

Vanquished Creatures
  A kobold brigand (Sewer)
  2 gnolls
  8 adders
  5 river rats
  2 worms
  A dart slug (D:3)
  7 orcs
  13 ball pythons
  6 endoplasms
  A giant cockroach (D:3)
  7 goblins
  5 hobgoblins
  A quokka (D:2)
  4 bats
  7 frilled lizards
  21 kobolds
  26 rats
117 creatures vanquished.

Notes
Turn   | Place    | Note
-------+----------+-------------------------------------------
     0 | D:1      | Zonian the Felid Shapeshifter began the quest for the Orb.
     0 | D:1      | Reached XP level 1. HP: 9/9 MP: 2/2
   135 | D:1      | Reached XP level 2. HP: 13/13 MP: 3/3
  1304 | D:2      | Reached XP level 3. HP: 16/16 MP: 4/4
  1693 | D:2      | Found a faded altar of an unknown god.
  2023 | D:3      | Found a glowing golden altar of the Shining One.
  2240 | D:3      | Found a hide-covered altar of Uskayaw.
  2240 | D:3      | Found a broken altar of Ashenzari.
  2265 | D:3      | Reached XP level 4. HP: 20/20 MP: 5/5
  2322 | D:3      | Found a glowing drain.
  2333 | Sewer    | Entered a sewer
  2767 | Sewer    | Noticed a kobold brigand
  2778 | Sewer    | Slain by a kobold
  2779 | Sewer    | Reached XP level 3. HP: 0/17 MP: 4/4
  2798 | Sewer    | Reached XP level 4. HP: 13/21 MP: 5/5
  2812 | Sewer    | Gained mutation: You do not regenerate when monsters are
                  | visible. [potion of mutation]
  2836 | Sewer    | Killed a kobold brigand
  2837 | Sewer    | Reached XP level 5. HP: 19/24 MP: 6/6
  5239 | D:3      | Became a worshipper of Ashenzari the Shackled
  5378 | D:4      | Found a staircase to the Ecumenical Temple.
  5652 | D:4      | Noticed an ogre
  5864 | D:3      | Quit the game

Illustrated notes

Levels and vault maps discovered:
D:1:      dpeg_arrival_lava_altar, layout_rooms, kennysheep_another_room,
          minivault_23, corexii_leaking_fountain
D:2:      layout_basic, ebering_ecumenical_altar_webs
D:3:      layout_rooms, chequers_temple_overflow_statue_of_worship,
          tso_metal_star, portal_sewer_entry_e, st_stairs_7,
          kennysheep_generic_room_14
D:4:      layout_basic, minmay_temple_entry_butterflies

Skill      XL: |  1  2  3  4 |
---------------+-------------+-----
Dodging        | 3 4 |  4.9
Fighting       | 3 |  3.7
Unarmed Combat | 3 |  3.6
Shapeshifting  | 4 |  4.4

Action                     |  1- 3 |  4- 6 || total
---------------------------+-------+-------++-------
  Melee: Unarmed           |    91 |   181 ||   272
         Bite              |     7 |    19 ||    26
         Punch             |     4 |     2 ||     6
    Use: Potion            |       |     4 ||     4
         Scroll            |       |    13 ||    13
   Stab: Sleeping          |     4 |       ||     4
 Armour: Skin              |     4 |     5 ||     9
  Dodge: Dodged            |    53 |   150 ||   203

Table legend: (Time is in decaauts)
 A = Elapsed time spent in this place.
 B = Non-inter-level travel time spent in this place.
 C = Inter-level travel time spent in this place.
 D = Time resting spent in this place.
 E = Time spent auto-exploring this place.
 F = Levels seen in this place.
 G = Mean time per level.
                   A        B        C        D        E       F      G
               +--------+--------+--------+--------+--------+-----+--------+
         Total |   5303 |   5180 |    123 |   2663 |   1651 |   5 | 1060.6 |
       Dungeon |   3945 |   3822 |    123 |   1677 |   1523 |   4 |  986.2 |
         Sewer |   1358 |   1358 |      0 |    986 |    128 |   1 | 1358.0 |
               +--------+--------+--------+--------+--------+-----+--------+

Top non-repeatable levels by time:
     D:3: 1861 daAuts
   Sewer: 1358 daAuts
     D:2: 914 daAuts
     D:1: 772 daAuts
     D:4: 397 daAuts
